 Dungeon Crawl Stone Soup version 0.17.1-2-g5865329 (webtiles) character file.

130 Rukheim the Gusty (level 4, 0/33 HPs)
             Began as a Draconian Air Elementalist on Apr 25, 2016.
             Slain by a goblin
             ... wielding a +0 dagger
             ... led by Robin
              (3 damage)
             ... on level 3 of the Dungeon.
             The game lasted 00:13:24 (2230 turns).

Rukheim the Gusty (Draconian Air Elementalist)      Turns: 2230, Time: 00:13:24

Health: 0/33       AC:  9    Str: 11    XL:     4   Next: 89%
Magic:  1/8        EV: 12    Int: 16    God:
Gold:   102        SH:  0    Dex: 11    Spells: 2 memorised, 6 levels left

rFire  . . .     SeeInvis .     o - +1 rapier
rCold  . . .     Clarity  .     (armour unavailable)
rNeg   . . .     SustAt   .     (no shield)
rPois  .         Gourm    .     (helmet restricted)
rElec  .         Spirit   .     (no cloak)
rCorr  .         Warding  .     (no gloves)
rMut   .         Rnd*Tele +     c - +1 pair of boots
MR     +....                    (no amulet)
Stlth  ++........               (no ring)
                                k - +2 ring of protection

@: somewhat resistant to hostile enchantments, unstealthy
A: unfitting armour, magic resistance 1, screaming 1, teleportitis 1,
cold-blooded, AC +5
a: no special abilities


You were on level 3 of the Dungeon.
You were hungry.

You visited 1 branch of the dungeon, and saw 3 of its levels.

You collected 102 gold pieces.

Inventory:

Hand Weapons
 o - a +1 rapier (weapon)
Missiles
 i - a throwing net (quivered)
Armour
 c - a +1 pair of boots (worn)
Jewellery
 k - a +2 ring of protection (left hand)
Scrolls
 f - 2 scrolls of magic mapping
 g - a scroll of identify
 m - a scroll of enchant weapon
Books
 a - a book of Air

   Spells                             Type                      Level
   a - Shock                          Conjuration/Air              1
   b - Swiftness                      Charms/Air                   2
   c - Repel Missiles                 Charms/Air                   2
   d - Static Discharge               Conjuration/Air              3
   e - Lightning Bolt                 Conjuration/Air              5
Comestibles
 b - 5 bread rations
 d - 3 chunks of flesh
 h - a royal jelly
 l - a beef jerky


   Skills:
 - Level 2.5 Dodging
 - Level 1.7 Stealth
 + Level 3.0 Spellcasting
 + Level 1.8 Conjurations
 + Level 0.8 Charms
 * Level 4.0 Air Magic


You had 6 spell levels left.
You knew the following spells:

 Your Spells              Type           Power        Failure   Level  Hunger
a - Shock                 Conj/Air       ##..         8%          1    #......
b - Repel Missiles        Chrm/Air       ##....       12%         2    ##.....


Dungeon Overview and Level Annotations

Branches:
Dungeon (3/15)

Altars:
Trog

Annotations:
D:3 alcopop's ghost, amateur HaHu


Innate Abilities, Weirdness & Mutations

Your plain brown scales are hard (AC +5).
Your body does not fit into most forms of armour.
You are cold-blooded and may be slowed by cold attacks.
You are resistant to hostile enchantments.
You occasionally shout uncontrollably at your foes.
You are occasionally teleported next to monsters.


Message History

The goblin hits you but does no damage. The goblin barely misses you.
Unknown command.
The goblin barely misses you.
You puncture the goblin!
You kill the goblin!
The bat hits you but does no damage. The goblin hits you.
* * * LOW HITPOINT WARNING * * *
You aren't carrying any potions.
You hit the goblin.
The goblin is lightly wounded.
The goblin misses you. The goblin closely misses you.
The goblin hits you but does no damage.
You hit the goblin.
You kill the goblin!
The bat hits you but does no damage. x2
You hit the goblin.
The goblin is almost dead.
The bat closely misses you. The goblin closely misses you.
The goblin hits you with a dagger.
You die...

##### ##...##
#.....### ###
...(....# ##.##
.oo...%. ##...##
#.oo.b# ##b....##
#.o<.# #@gw....#
###...# ##g....##
#.#.# ##gg.## ...
#.#.# ###....# ....
... . .......#.##
.... ... .#
......##.)# ... .
... .
.......###†##.# .
..... ##
....$...##)g..# .# #
.
##..#...g...####.#..


You could see a worm, a hobgoblin (frenzied), 3 goblins and a bat.

Vanquished Creatures
  Terence (D:2)
  Robin (D:3)
  3 adders
  3 worms (D:2)
  An orc (D:2)
  12 goblins
  6 hobgoblins
  6 jackals
  7 bats
  A giant gecko (D:2)
  3 giant newts (D:1)
  5 kobolds
  13 rats
62 creatures vanquished.

Notes
Turn   | Place    | Note
--------------------------------------------------------------
     0 | D:1      | Rukheim the Draconian Air Elementalist began the quest for the Orb.
     0 | D:1      | Reached XP level 1. HP: 14/14 MP: 3/3
   194 | D:1      | Reached XP level 2. HP: 10/20 MP: 1/5
   813 | D:2      | Reached XP level 3. HP: 26/26 MP: 1/6
   978 | D:2      | Noticed Terence
   993 | D:2      | Killed Terence
  1079 | D:2      | Learned a level 2 spell: Repel Missiles
  1132 | D:2      | Reached XP level 4. HP: 33/33 MP: 0/7
  1432 | D:2      | Found a bloodstained altar of Trog.
  1754 | D:2      | Gained mutation: You occasionally shout uncontrollably at your foes. [potion of mutation]
  1754 | D:2      | Gained mutation: You are occasionally teleported next to monsters. [potion of mutation]
  1754 | D:2      | Gained mutation: You are resistant to hostile enchantments. [potion of mutation]
  2013 | D:3      | Noticed alcopop's ghost (amateur HaHu)
  2184 | D:3      | Noticed Robin
  2219 | D:3      | Reached skill level 4 in Air Magic
  2225 | D:3      | Killed Robin
  2230 | D:3      | Slain by a goblin

Action                   |  1- 3 |  4- 6 || total
-------------------------+-------+-------++-------
Melee: Unarmed           |    43 |       ||    43
       Dagger            |     8 |       ||     8
       Rapier            |     5 |    53 ||    58
       Short sword       |     4 |       ||     4
 Cast: Shock             |    51 |    49 ||   100
  Use: Potion            |     2 |     4 ||     6
       Scroll            |     4 |     1 ||     5
 Stab: Sleeping          |     1 |       ||     1
  Eat: Chunk             |     1 |     4 ||     5
